 Dungeon Crawl Stone Soup version 0.29-a0-270-g1586fc07ea (console) character file.

Game seed: 12294421510628782382

494 leikarie the Skirmisher (level 7, 0/61 HPs)
             Began as a Ghoul Wanderer on Mar 7, 2022.
             Was an Initiate of Makhleb.
             Killed from afar by an orc wizard (6 damage)
             ... with a puff of flame
             ... on level 6 of the Dungeon.
             The game lasted 00:06:52 (3273 turns).

leikarie the Skirmisher (Ghoul Wanderer)            Turns: 3273, Time: 00:06:52

Health: 0/61       AC: 11    Str: 17    XL:     7   Next: 15%
Magic:  8/8        EV:  4    Int:  8    God:    Makhleb [......]
Gold:   240        SH:  0    Dex:  8    Spells: 8/9 levels left

rFire   . . .      SeeInvis .     - Unarmed
rCold   + + .      Faith    .   (no shield)
rNeg    + + +      Spirit   .   z - +0 plate armour
rPois   ∞          Reflect  .   i - +0 helmet
rElec   .          Harm     .   (no cloak)
rCorr   .          Rampage  .   (no gloves)
Will    .....                   (no boots)
Stlth   ..........              (no amulet)
HPRegen 0.00/turn               y - ring of protection from cold
MPRegen 0.11/turn               (no ring)

@: marked, inhibited regen
A: claws 1, cold resistance 1, negative energy resistance 3, inhibited
regeneration, torment resistance 2
a: Renounce Religion


You were on level 6 of the Dungeon.
You worshipped Makhleb.
Makhleb was noncommittal.
You visited 2 branches of the dungeon, and saw 7 of its levels.

You collected 240 gold pieces.

Inventory:

Hand Weapons
 a - a +2 spear
Missiles
 q - 9 poisoned darts (quivered)
Armour
 i - a +0 helmet (worn)
 w - a +2 pair of gloves
 z - a +0 plate armour (worn)
Jewellery
 y - a ring of protection from cold (left claw)
Wands
 b - a wand of paralysis (11)
Scrolls
 d - a scroll of vulnerability {unknown}
 e - 4 scrolls of identify
 f - a scroll of silence {unknown}
 g - a scroll of immolation {unknown}
 k - 2 scrolls of teleportation {unknown}
 m - 2 scrolls of noise {unknown}
 o - a scroll of brand weapon {unknown}
 p - a scroll of amnesia {unknown}
 r - a scroll of enchant weapon {unknown}
 u - a scroll of magic mapping {unknown}
Potions
 c - 2 potions of curing
 h - a potion of brilliance {unknown}
 j - 2 potions of mutation {unknown}
 l - a potion of lignification {unknown}
 n - a potion of degeneration
 s - a potion of attraction {unknown}
 t - a potion of cancellation {unknown}
 v - a potion of invisibility {unknown}
 x - a potion of heal wounds {unknown}


   Skills:
 - Level 5.0 Fighting
 - Level 4.5 Polearms
 - Level 2.0 Throwing
 + Level 1.3 Armour
 + Level 5.0 Unarmed Combat
 - Level 1.7 Spellcasting
 - Level 1.1 Ice Magic
 - Level 1.0 Evocations


You had 8 spell levels left.
You knew the following spells:

 Your Spells              Type           Power      Damage    Failure   Level
a - Freeze                Ice            8%         1d3       100%        1

Your spell library contained the following spells:

 Spells                   Type           Power      Damage    Failure   Level
 Slow                     Hex            0%         N/A       100%        1
 Confusing Touch          Hex            0%         N/A       100%        3
 Ozocubu's Armour         Ice            2%         N/A       100%        3
 Vampiric Draining        Necr           0%         2d6       100%        3


Dungeon Overview and Level Annotations

Branches:
Dungeon (6/15)             Temple (1/1) D:4

Altars:
Ashenzari
Cheibriados
Dithmenos
Elyvilon
Fedhas
Hepliaklqana
Makhleb
Qazlal
Ru
Sif Muna
Trog
Vehumet
Wu Jian
Xom
The Shining One

Shops:
D:3 (


Innate Abilities, Weirdness & Mutations

You thrive by killing the living.
You are immune to poison.
You have sharp fingernails.
Your flesh is cold resistant. (rC+)
You are immune to negative energy. (rN+++)
You do not regenerate when monsters are visible.
You are immune to unholy pain and torment.


Message History

The iguana bites you!
* * * LOW HITPOINT WARNING * * *
You completely miss the iguana.
The iguana is severely wounded.
The iguana bites you!
* * * LOW HITPOINT WARNING * * *
You scratch the iguana.
You kill the iguana!
Makhleb accepts your kill.
You feel better.
Your Unarmed Combat skill increases to level 5!
An iguana comes into view.
You see here a book of Debilitation.
An orc comes into view. It is wielding a +0 whip.
Found a club.
A black bear comes into view.
An orc wizard comes into view. It is wielding a +0 dagger.
The quokka attacks as you move away!
The quokka bites you but does no damage.
Found a stone staircase leading down.
The quokka bites you.
* * * LOW HITPOINT WARNING * * *
The quokka attacks as you move away!
The quokka bites you but does no damage.
The quokka twitches its whiskers.
The quokka bites you but does no damage.
Found an escape hatch in the floor.
There is a stone staircase leading down here.
The quokka bites you.
* * * LOW HITPOINT WARNING * * *
You climb downwards.
The orc wizard shouts!
The orc priest shouts!
The orc shouts! x2
Found 9 gold pieces.
There is a stone staircase leading up here.
As you read the scroll labelled HUPLUK FUOS, it crumbles to dust.
It is a scroll of identify.
n - a potion of degeneration The quokka bites you but does no damage.
The orc wizard casts a spell at you. The puff of flame hits you.
You die...

###############
$..............
.......@r.....#
...............
.#......#####.#
#.....o#
#......#
#..o..o#
#......#
#...o..#


You could see an orc priest, an orc wizard, 2 orcs and a quokka.

Vanquished Creatures
  A black bear (D:4)
  An ice beast (D:4)
  A scorpion (D:4)
  A jelly (D:5)
  2 iguanas (D:5)
  7 adders
  3 gnolls (D:3)
  A worm (D:2)
  A dart slug (D:1)
  2 orcs (D:4)
  6 endoplasms
  3 giant cockroaches
  7 hobgoblins
  3 jackals (D:2)
  4 quokkas
  6 ball pythons
  3 bats
  3 frilled lizards
  5 goblins
  9 kobolds
  4 rats
73 creatures vanquished.

Notes
Turn   | Place    | Note
-------+----------+-------------------------------------------
     0 | D:1      | leikarie the Ghoul Wanderer began the quest for the Orb.
     0 | D:1      | leikarie set off with the following items: a +2 spear, a +0
                  | ring mail, a potion of curing; and the following spell
                  | memorised: Freeze; and the following spells available to
                  | memorise: Ozocubu's Armour
     0 | D:1      | Reached XP level 1. HP: 14/14 MP: 2/2
   107 | D:1      | Reached skill level 1 in Fighting
   107 | D:1      | Reached skill level 1 in Unarmed Combat
   113 | D:1      | Reached XP level 2. HP: 15/23 MP: 3/3
   297 | D:1      | Reached XP level 3. HP: 25/29 MP: 4/4
   580 | D:1      | Found a faded altar of an unknown god.
   828 | D:2      | Reached XP level 4. HP: 23/37 MP: 5/5
   992 | D:2      | You fall into a shaft and drop 1 floor!
  1430 | D:3      | Found Gasyat's Antique Weapon Boutique.
  1490 | D:3      | Reached XP level 5. HP: 45/45 MP: 6/6
  1494 | D:3      | Found an ornate altar of the Wu Jian Council.
  1657 | D:3      | Reached skill level 1 in Throwing
  2147 | D:4      | Found a staircase to the Ecumenical Temple.
  2191 | Temple   | Entered the Ecumenical Temple
  2255 | Temple   | Became a worshipper of Makhleb the Destroyer
  2302 | D:4      | Noticed an ice beast
  2340 | D:4      | Killed an ice beast
  2341 | D:4      | Reached XP level 6. HP: 29/52 MP: 7/7
  2405 | D:4      | Found a shadowy altar of Dithmenos.
  2405 | D:4      | Noticed a black bear
  2430 | D:4      | Killed a black bear
  2846 | D:4      | Found a radiant altar of Vehumet.
  3096 | D:5      | Entered Level 5 of the Dungeon
  3131 | D:5      | Reached XP level 7. HP: 39/60 MP: 8/8
  3230 | D:5      | Reached skill level 5 in Fighting
  3258 | D:5      | HP: 1/61 [iguana (10)]
  3260 | D:5      | Reached skill level 5 in Unarmed Combat
  3273 | D:6      | Killed from afar by an orc wizard

Illustrated notes

Levels and vault maps discovered:
D:1:      doesnt_arrival_eight_statues, layout_rooms, basic_ecumenical_altar,
          st_stairs_3, corexii_leaking_fountain
D:2:      layout_basic
D:3:      layout_basic, mainiacjoe_overflow_24_doors, serial_shops, shop,
          serial_glass, glass_columns_a, glass_columns_b,
          minmay_strange_pillars, feat_on_display, feat_on_display,
          feat_on_display
D:4:      layout_loops_ring, lemuel_coloured_pillars_altar,
          grunt_dithmenos_smoke, temple_green, kennysheep_generic_room_8
D:5:      layout_basic, lemuel_doored_altar
D:6:      cheibrodos_two_vegetables, layout_basic, nicolae_uskayaw_dance_studio,
          okawaru_gym_becter
Temple:   nicolae_temple_x_marks_the_god

Skill      XL: |  1  2  3  4  5  6  7 |
---------------+----------------------+-----
Fighting       | 1 2 3 4 5 |  5.0
Unarmed Combat | 1 2 3 4 5 |  5.0
Throwing       | 2 |  2.0
Polearms       | |  4.5
Armour         | |  1.3
Spellcasting   | |  1.7
Ice Magic      | |  1.1
Evocations     | |  1.0

Action                   |  1- 3 |  4- 6 |  7- 9 || total
-------------------------+-------+-------+-------++-------
Melee: Spear             |   113 |   117 |       ||   230
       Punch             |     2 |       |     2 ||     4
       Unarmed           |       |    39 |    21 ||    60
Throw: Dart              |       |    14 |       ||    14
  Use: Scroll            |       |       |     1 ||     1
Armor: Ring mail         |    34 |    49 |       ||    83
       Plate armour      |       |       |    12 ||    12
Dodge: Dodged            |    35 |    51 |     1 ||    87

Table legend: (Time is in decaauts)
 A = Elapsed time spent in this place.
 B = Non-inter-level travel time spent in this place.
 C = Inter-level travel time spent in this place.
 D = Time resting spent in this place.
 E = Time spent auto-exploring this place.
 F = Levels seen in this place.
 G = Mean time per level.
                   A        B        C        D        E       F      G
               +--------+--------+--------+--------+--------+-----+--------+
         Total |   3238 |   3041 |    197 |    141 |   2200 |   7 |  462.6 |
       Dungeon |   3166 |   2988 |    178 |    141 |   2154 |   6 |  527.7 |
        Temple |     71 |     52 |     19 |      0 |     46 |   1 |   71.0 |
               +--------+--------+--------+--------+--------+-----+--------+

Top non-repeatable levels by time:
     D:3: 953 daAuts
     D:4: 925 daAuts
     D:1: 630 daAuts
     D:2: 533 daAuts
     D:5: 122 daAuts
  Temple: 71 daAuts
     D:6: 0 daAuts
